 Dungeon Sprint DCSS version 0.21.1-1-g345015f (webtiles) character file.

1442 Fang the Cleaver (level 8, 0/129 HPs)
             Began as a Minotaur Berserker on Apr 23, 2018.
             Was the Champion of Trog.
             Slain by a two-headed ogre
             ... wielding a +0 giant club
              (24 damage)
             ... in the Dungeon (Sprint III: "The Ten Rune Challenge").
             The game lasted 00:01:59 (1103 turns).

Fang the Cleaver (Minotaur Berserker)               Turns: 1103, Time: 00:02:00

Health: 0/129      AC:  2    Str: 29    XL:     8   Next: 46%
Magic:  7/7        EV: 15    Int:  4    God:    Trog [******]
Gold:   40         SH:  0    Dex: 10    Spells: 7/7 levels left

rFire    . . .     SeeInvis .   a - +0 hand axe
rCold    . . .     Gourm    .   (no shield)
rNeg     . . .     Faith    .   b - +0 animal skin
rPois    .         Spirit   .   (helmet restricted)
rElec    .         Reflect  .   (no cloak)
rCorr    .         Harm     .   (no gloves)
MR       .....     NoTele   +   (no boots)
Stlth    ..........             (no amulet)
HPRegen  0.31/turn              (no ring)
MPRegen  0.10/turn              (no ring)

@: berserking, very quick
A: retaliatory headbutt, horns 2
a: Berserk, Trog's Hand, Brothers in Arms, Burn Spellbooks, Renounce Religion


You were in the Dungeon.
You worshipped Trog.
Trog was exalted by your worship.
You were very hungry.

You visited 1 branch You collected 40 gold pieces.

Inventory:

Hand Weapons
 a - a +0 hand axe (weapon)
Armour
 b - a +0 animal skin (worn)
Scrolls
 i - a scroll of blinking
 l - a scroll of holy word {unknown}
 m - a scroll of immolation {unknown}
 n - 4 scrolls of remove curse
 p - a scroll of torment {unknown}
 q - a scroll of identify {unknown}
Potions
 d - a potion of curing
 e - a potion of heal wounds
 f - a potion of haste
 g - 2 potions of magic
 h - a potion of berserk rage
 j - a potion of invisibility {unknown}
 k - 6 potions of mutation
 o - 4 potions of flight
Miscellaneous
 r - a phial of floods
Comestibles
 c - 4 rations


   Skills:
 + Level 13.0 Fighting
 + Level 14.6 Axes
 + Level 7.6 Armour
 + Level 7.8 Dodging
 + Level 1.2 Stealth


You had 7 spell levels left.
You didn't know any spells.

Dungeon Overview and Level Annotations

Branches:
Dungeon (1/1)

Altars:
Cheibriados
Dithmenos
Elyvilon
Fedhas
Gozag
Hepliaklqana
Kikubaaqudgha
Makhleb
Nemelex Xobeh
Okawaru
Qazlal
Ru
Sif Muna
Trog
Uskayaw
Vehumet
Wu Jian
Xom
Yredelemnul
Zin
The Shining One
Beogh
Jiyva
Lugonu


Innate Abilities, Weirdness & Mutations

You reflexively headbutt those who attack you in melee.
You have a pair of horns on your head.


Message History

You are too injured to fight recklessly!
A red film seems to cover your vision as you go berserk!
You feel yourself moving faster!
You feel mighty!
You are feeling very hungry.
The two-headed ogre closely misses you.
The two-headed ogre hits you with a giant club!
* * * LOW HITPOINT WARNING * * *
You barely miss the two-headed ogre.
You feel the power of Trog in you as your rage grows.
You kill the two-headed ogre!
Trog accepts your kill.
Your Fighting skill increases to level 13!
The two-headed ogre closely misses you. The two-headed ogre misses you.
Things that are here:
a giant club x2
You feel a strong urge to attack something.
You hit the two-headed ogre. You headbutt the two-headed ogre!
The two-headed ogre is moderately wounded.
The two-headed ogre hits you with a giant club!!
You die...

#___#___#__#
#...#__.#)_#
###)#+###+##
#..........#
'.⌠........#
#...######'#
#.⌠.#__#...#+######
#...#__#...#....#.#
#)###__#..)##.#)@#
#...#__#...'##)#O#
#___#__'...#...#..#
▓▓▓▓▓▓▓▓▓▓▓▓▓▓▓▓▓▓▓


You could see a two-headed ogre.

Vanquished Creatures
  A deep elf mage (D)
  A shadow (D)
  A spatial vortex (D)
  A necrophage (D)
  2 two-headed ogres (D)
  A water elemental (D)
  A scorpion (D)
  A jelly (D)
  A wizard (D)
  Jessica (D)
  A necromancer (D)
  3 humans (D)
  A kobold demonologist (D)
  3 rats (D)
19 creatures vanquished.

Vanquished Creatures (others)
  2 draconian scorchers (D)
  6 hellions (D)
  A yaktaur (D)
9 creatures vanquished.

Grand Total: 28 creatures vanquished

Notes
Turn   | Place    | Note
-------+----------+-------------------------------------------
     0 | D        | Fang the Minotaur Berserker began the quest for the Orb.
     0 | D        | Reached XP level 1. HP: 19/19 MP: 0/0
     6 | D        | Reached skill level 4 in Axes
    11 | D        | Noticed Jessica
    13 | D        | Killed Jessica
    13 | D        | Reached ** piety under Trog
    13 | D        | Reached skill level 5 in Fighting
    13 | D        | Reached skill level 5 in Axes
    13 | D        | Reached XP level 2. HP: 30/30 MP: 1/1
    47 | D        | Reached skill level 6 in Axes
    47 | D        | Reached XP level 3. HP: 30/37 MP: 2/2
    76 | D        | Killed a hellion
    86 | D        | Killed a hellion
    94 | D        | Killed a yaktaur
   105 | D        | Noticed a scorpion
   111 | D        | Killed a scorpion
   111 | D        | Reached *** piety under Trog
   111 | D        | Reached skill level 7 in Axes
   111 | D        | Reached XP level 4. HP: 38/47 MP: 3/3
   121 | D        | Killed a hellion
   123 | D        | Killed a hellion
   124 | D        | Killed a hellion
   179 | D        | Killed a white draconian scorcher
   186 | D        | Killed a hellion
   188 | D        | Killed a white draconian scorcher
   399 | D        | Noticed a water elemental
   401 | D        | Killed a water elemental
   401 | D        | Reached skill level 8 in Axes
   401 | D        | Reached XP level 5. HP: 53/53 MP: 4/4
   404 | D        | Found a radiant altar of Vehumet.
   404 | D        | Found a deep blue altar of Sif Muna.
   404 | D        | Found an ancient bone altar of Kikubaaqudgha.
   406 | D        | Reached skill level 9 in Axes
   409 | D        | Reached **** piety under Trog
   409 | D        | Reached skill level 5 in Armour
   417 | D        | Reached ***** piety under Trog
   428 | D        | Found a glowing silver altar of Zin.
   428 | D        | Found a glowing golden altar of the Shining One.
   428 | D        | Found a white marble altar of Elyvilon.
   429 | D        | Noticed a deep elf mage
   440 | D        | Killed a deep elf mage
   440 | D        | Reached skill level 12 in Axes
   440 | D        | Reached XP level 6. HP: 33/68 MP: 5/5
   440 | D        | Reached XP level 7. HP: 36/74 MP: 6/6
   618 | D        | Found a hide-covered altar of Uskayaw.
   618 | D        | Found a roughly hewn altar of Beogh.
   618 | D        | Found an iron altar of Okawaru.
   618 | D        | Found a bloodstained altar of Trog.
   618 | D        | Found an ornate altar of the Wu Jian Council.
   618 | D        | Noticed a human
   619 | D        | Noticed a human
   628 | D        | Killed a human
   628 | D        | Reached skill level 13 in Axes
   636 | D        | Killed a human
   786 | D        | Found a basalt altar of Yredelemnul.
   786 | D        | Found a shadowy altar of Dithmenos.
   786 | D        | Found a sacrificial altar of Ru.
   796 | D        | Reached XP level 8. HP: 65/85 MP: 7/7
   811 | D        | Reached skill level 14 in Axes
   818 | D        | Reached ****** piety under Trog
   818 | D        | Received a gift from Trog
   828 | D        | Found a blossoming altar of Fedhas.
   828 | D        | Found a stormy altar of Qazlal.
   828 | D        | Found a snail-covered altar of Cheibriados.
   828 | D        | Found a burning altar of Makhleb.
   828 | D        | Found a shimmering altar of Xom.
   829 | D        | Found a hazy altar of Hepliaklqana.
   829 | D        | Found an opulent altar of Gozag.
   829 | D        | Found a sparkling altar of Nemelex Xobeh.
   829 | D        | Found a corrupted altar of Lugonu.
   829 | D        | Found a viscous altar of Jiyva.
   964 | D        | Reached skill level 1 in Stealth
  1103 | D        | Slain by a two-headed ogre

Skill      XL: |  1  2  3  4  5  6  7  8 |
---------------+-------------------------+-----
Fighting       | 5 6 7 8 11 12 13 | 13.0
Axes           | 5 6 7 8 12 13 14 | 14.6
Armour         | 3 4 6 7 |  7.6
Dodging        | 3 4 6 7 |  7.8
Stealth        | 1 |  1.2

Action                   |  1- 3 |  4- 6 |  7- 9 || total
-------------------------+-------+-------+-------++-------
Melee: Hand axe          |    19 |    14 |    59 ||    92
       Headbutt          |     4 |     3 |    20 ||    27
Invok: Burn Spellbooks   |       |     1 |       ||     1
       Berserk           |       |       |     1 ||     1
Armor: Animal skin       |     2 |       |     1 ||     3
Dodge: Dodged            |    13 |     6 |    36 ||    55
